Description

All in com marine, marauder, tank e hambu

Build Order

Get SALT Encoding   

  14  00:16  Supply Depot  
  15  00:29  Refinery  
  16  00:41  Barracks  
  19  01:31  Barracks Reactor  
  19  01:32  Orbital Command  
  19  01:40  Command Center  Expansão natural
  19  01:50  Factory  100 gás
  20  02:05  Supply Depot  
  21  02:10  Marine x2  
  23  02:16  Refinery  Construção da fabrica em 50%
  26  02:34  Marine x2  
  26  02:38  Starport  
  26  02:39  Factory Tech Lab  
  29  02:52  Marine x2  
  32  03:00  Orbital Command  
  34  03:10  Siege Tank  
  38  03:28  Supply Depot  Após comando orbital será feito um suprimento atrás do outro
  45  03:33  Starport Reactor  
  50  04:27  Barracks x2  Após 10 SCV na Natural
  60  04:30  Engineering Bay  
  65  04:32  Refinery x2  
  70  05:00  Terran Infantry Weapons Level 1  
  75  05:14  Barracks x2  Após 12 SCV na Natural
  85  05:16  Barracks Tech Lab x2  
  95  05:38  Stimpack  
  100  05:39  Combat Shield  
  105  05:40  Medivac  
  110  06:00  Supply Depot x2  2 suprimentos constantemente
  120  06:08  Barracks Reactor x2  
  140  07:44  Action  Ataque
Spawning Tool Build Advisor. Get it on Overwolf

Go to:

Details

  • Created by: Allanbida
  • Published on: Oct 12, 2024
  • Modified on: Oct 13, 2024
  • Patch: 5.0.11
  • Difficulty: Medium
Show
View Real Time Build Order
Export as new Build Order

Comments (1)

On Oct. 12, 2024, 3:46 p.m., Chirartem  said:

Write on english. Also you have mistake, supply = 1 after 3:10

Create an account to comment!